 Dungeon Crawl Stone Soup version 0.25-a0-528-g6b7c99946c (webtiles) character file.

Game seed: 1589224031658513835, levelgen mode: deterministic

43895 kae the Bludgeoner (level 13, -22/103 HPs)
             Began as a Demonspawn Fighter on Feb 19, 2020.
             Was a High Priest of Okawaru.
             Annihilated by an orc knight
             ... wielding a +0 halberd
              (34 damage)
             ... in a bailey.
             The game lasted 00:31:19 (27382 turns).

kae the Bludgeoner (Demonspawn Fighter)            Turns: 27382, Time: 00:31:19

Health: -22/103    AC: 22    Str: 21    XL:     13   Next: 93%
Magic:  22/22      EV: 13    Int:  9    God:    Okawaru [*****.]
Gold:   1281       SH:  3    Dex: 16    Spells: 12/12 levels left

rFire    + . .     SeeInvis .   S - +3 great mace (vorpal)
rCold    + . .     Gourm    .   (shield currently unavailable)
rNeg     . . .     Faith    .   N - +0 plate armour
rPois    .         Spirit   .   (helmet unavailable)
rElec    .         Reflect  +   a - scarf {rC+ rF+}
rCorr    .         Harm     .   H - +2 pair of gloves
MR       ++...     Clarity  +   (no boots)
Stlth    ..........             P - +3 amulet of reflection
HPRegen  0.27/turn              d - ring of protection from magic
MPRegen  0.18/turn              l - ring of protection from magic

@: heroism
A: horns 3, thin metallic scales 2, agile 1, clarity, demonic guardian 1, rot
immunity
a: Heroism, Finesse, Renounce Religion


You were in a bailey.
You worshipped Okawaru.
Okawaru was extremely pleased with you.
You were near starving.

You visited 2 branches of the dungeon, and saw 17 of its levels.
You also visited: Bailey.

You collected 1281 gold pieces.

Inventory:

Hand Weapons
 o - a +3 whip of freezing
 E - a +0 dire flail
 S - a +3 vorpal great mace (weapon)
Armour
 a - a scarf of resistance (worn)
 b - a +1 scale mail
 c - a +0 kite shield
 D - a +2 cloak of invisibility
 H - a +2 pair of gloves (worn)
 N - a +0 plate armour (worn)
 O - the +0 scale mail of Ethics {rF++ Str+3}
   (Okawaru gifted it to you on level 1 of the Lair of Beasts)

   It affects your strength (+3).
   It greatly protects you from fire.
   If you switch to wearing this armour, your AC will decrease by 6 (22 -> 16).
Jewellery
 d - a ring of protection from magic (left hand)
 i - an uncursed ring of stealth
 l - a ring of protection from magic (right hand)
 J - an uncursed ring of wizardry
 L - an uncursed ring of flight
 P - a +3 amulet of reflection (around neck)
 U - an uncursed ring of protection from fire
 V - a +3 ring of intelligence
Wands
 e - a wand of paralysis (28)
 j - a wand of random effects (51)
 t - a wand of digging (5)
 v - a wand of iceblast (28)
 M - a wand of clouds (3)
 Q - a wand of flame (50)
Scrolls
 h - 2 scrolls of magic mapping
 n - 3 scrolls of fear
 u - 5 scrolls of amnesia
 w - 2 scrolls of blinking
 x - 8 scrolls of enchant weapon
 y - 4 scrolls of enchant armour
 B - a scroll of torment
 C - 13 scrolls of identify
 I - 4 scrolls of fog
 K - 4 scrolls of teleportation
 T - 2 scrolls of remove curse
Potions
 g - 3 potions of flight
 k - 4 potions of lignification
 m - 5 potions of heal wounds
 p - 6 potions of curing
 q - 3 potions of berserk rage
 r - a potion of magic
 s - a potion of haste
 z - 6 potions of mutation
 A - a potion of brilliance
 F - 3 potions of invisibility
 G - 3 potions of stabbing
 R - 2 potions of resistance
 X - 3 potions of might
Comestibles
 f - 34 rations


   Skills:
 - Level 10.2(15.2) Fighting
 * Level 15.3(20.3) Maces & Flails
 + Level 7.7(12.7) Armour
 + Level 7.1(12.1) Dodging
 - Level 2.6(7.6) Shields
 - Level 12.0 Invocations


You had 12 spell levels left.
You didn't know any spells.
Your spell library contained the following spells:

 Spells                   Type           Power        Failure   Level  Hunger
 Apportation              Tloc           #.....       99%         1    ##.....
 Beastly Appendage        Tmut           #.....       99%         1    ##.....
 Corona                   Hex            #......      99%         1    ##.....
 Magic Dart               Conj           #...         99%         1    ##.....
 Summon Butterflies       Summ           #.......     99%         1    ##.....
 Ensorcelled Hibernation  Hex/Ice        #.....       100%        2    ###....
 Sticks to Snakes         Tmut           #.......     100%        2    ###....
 Confusing Touch          Hex            #.......     100%        3    ####...
 Dazzling Flash           Conj/Hex       #.....       100%        3    ####...
 Gell's Gravitas          Tloc           #.........   100%        3    ####...
 Lesser Beckoning         Tloc           #.........   100%        3    ####...
 Recall                   Summ/Tloc      N/A          100%        3    ####...
 Spider Form              Tmut/Pois      #.........   100%        3    ####...
 Tukima's Dance           Hex            #.......     100%        3    ####...
 Animate Dead             Necr           N/A          100%        4    #####..
 Ice Form                 Ice/Tmut       #.......     100%        4    #####..
 Petrify                  Tmut/Erth      #.......     100%        4    #####..
 Alistair's Intoxication  Tmut/Pois      #.......     100%        5    ######.
 Blade Hands              Tmut           #.........   100%        5    ######.
 Bolt of Magma            Conj/Fire/Erth #.........   100%        5    ######.
 Borgnjor's Vile Clutch   Necr/Erth      #.........   100%        5    ######.
 Iskenderun's Battlesphe  Conj/Chrm      #.......     100%        5    ######.
 Metabolic Englaciation   Hex/Ice        #.........   100%        5    ######.
 Yara's Violent Unravell  Hex/Tmut       #.........   100%        5    ######.
 Death Channel            Necr           #.........   100%        6    #######
 Invisibility             Hex            #.......     100%        6    #######
 Iron Shot                Conj/Erth      #.........   100%        6    #######
 Simulacrum               Ice/Necr       #.........   100%        6    #######
 Orb of Destruction       Conj           #.........   100%        7    #######
 Spellforged Servitor     Conj/Summ      #.........   100%        7    #######


Dungeon Overview and Level Annotations

Branches:
Dungeon (11/15)            Temple (0/1) D:7            Lair (6/6) D:9
 Shoals (0/4) Lair:4        Snake (0/4) Lair:3        Slime (0/5) Lair:6
    Orc (0/2) D:11         Bailey (1/1)

Altars:
Cheibriados
Dithmenos
Kikubaaqudgha
Okawaru
Qazlal
Ru
Sif Muna
Vehumet
Xom
Zin
The Shining One

Shops:
D:4 (   D:9 [   D:11 *

Annotations:
D:5 exclusion: downstairs
D:6 exclusion: upstairs
D:9 2 transporters, kae's ghost, novice DsGl


Innate Abilities, Weirdness & Mutations

You have a pair of large horns on your head.
You are mostly covered in thin metallic scales. (AC +3)
A weak demonic guardian rushes to your aid.
You are immune to rotting.
You are agile. (Dex +2)
You possess an exceptional clarity of mind.


Message History

You pound the orc knight like an anvil!!!
You kill the orc knight!
Okawaru accepts your kill.
The orc knight hits you from afar with a +0 halberd!!
Things that are here:
a +0 trident; a +0 ring mail The orc knight hits you with a +0 halberd!!
You bludgeon the orc knight!!
You headbutt the orc knight, but do no damage.
The orc knight is heavily wounded.
Your ufetubus hits the orc knight but does no damage. x2
You closely miss the orc knight.
The orc knight is heavily wounded.
The orc knight hits you with a +0 halberd!!
* * * LOW HITPOINT WARNING * * *
You closely miss the orc knight. Your headbutt misses the orc knight.
The orc knight is heavily wounded.
Your ufetubus hits the orc knight but does no damage. x2
The orc knight hits you with a +0 halberd!!
You die...

##### ####### ###### ....##
##.....#########.....#
.....######.).....#.....#.......
.....#....#))).5.5'.....'.......
)..))'.)..)))).)@o'.....'.....oo
)....#....#)).....'.....'.g..o..
.....######.......#.....#.......
....## ##.....#########.....#
##### ####### ######


You could see an orc knight, a friendly quasit and a friendly ufetubus.

Vanquished Creatures
  8 hydras
  2 catoblepae (Lair:5)
  2 two-headed ogres (D:8)
  2 death yaks (Lair:5)
  Nergalle (D:10)
  Sonja (Lair:5)
  2 orc knights (Bailey)
  A manticore (D:8)
  3 black mambas
  7 spiny frogs
  9 komodo dragons
  A kobold demonologist (D:10)
  A merfolk (D:8)
  5 polar bears
  5 hornets
  Grinder (D:4)
  8 hippogriffs
  9 blink frogs
  3 wyverns
  10 spriggans
  Eustachio (D:6)
  3 basilisks
  20 yaks
  2 chaos spawn (D:9)
  12 water moccasins
  7 porcupines
  14 orc warriors
  3 slaves (D:5)
  13 black bears
  3 ice beasts
  5 centaurs (D:8)
  3 boggarts (Lair:6)
  24 wolves
  A phantom (D:6)
  7 ogres
  17 crocodiles
  5 big kobolds
  13 bullfrogs
  A wyvern zombie (D:10)
  4 gnoll sergeants
  3 scorpions
  An oklob sapling (D:7)
  10 wights
  3 howler monkeys
  7 electric eels (D:8)
  8 crimson imps
  4 hounds
  A centaur zombie (D:9)
  4 jellies
  4 quasits
  Crazy Yiuf (D:6)
  A gnoll shaman (D:8)
  9 orc priests
  2 bullfrog skeletons
  A centaur skeleton (D:6)
  10 orc wizards
  5 iguanas
  13 worker ants
  A hound zombie (D:9)
  2 hound skeletons
  Robin (D:2)
  14 gnolls
  7 adders
  3 shadow imps
  An ooze (D:3)
  4 adder skeletons
  A worm (D:2)
  5 dart slugs
  6 leopard geckos
  64 orcs
  11 bats
  7 giant cockroaches
  24 goblins
  12 hobgoblins
  23 kobolds
  9 quokkas
  7 ball pythons
  5 frilled lizards
  A quokka skeleton (D:6)
  5 rats
  2 fungi (Lair:3)
  A plant (D:7)
542 creatures vanquished.

Vanquished Creatures (collateral kills)
  A hydra (Lair:6)
  Pikel (D:5)
  A komodo dragon (Lair:3)
  A hornet (Lair:6)
  A hippogriff (D:7)
  A wyvern (Lair:5)
  2 spriggans
  4 yaks
  Menkaure (D:5)
  A soldier ant (D:10)
  A slave (D:5)
  A black bear (D:8)
  A phantom (D:4)
  A wolf (Lair:6)
  A bullfrog (D:8)
  A wight (D:6)
  2 orc priests
  2 adders (D:2)
  A gnoll (D:3)
  A worm (D:3)
  7 orcs
  A hobgoblin (D:2)
  A kobold (D:7)
  A rat (D:2)
36 creatures vanquished.

Vanquished Creatures (others)
  8 fungi (Lair:6)
  8 plants
16 creatures vanquished.

Grand Total: 594 creatures vanquished

Notes
Turn   | Place    | Note
-------+----------+-------------------------------------------
     0 | D:1      | kae the Demonspawn Fighter began the quest for the Orb.
     0 | D:1      | Reached XP level 1. HP: 18/18 MP: 1/1
    12 | D:1      | Reached skill level 2 in Maces & Flails
    85 | D:1      | Gained mutation: You are partially covered in thin metallic
                  | scales. (AC +2) [demonic ancestry]
    85 | D:1      | Reached XP level 2. HP: 19/24 MP: 2/2
   843 | D:2      | Reached XP level 3. HP: 28/29 MP: 3/3
   923 | D:2      | Noticed Robin
   924 | D:2      | Reached skill level 3 in Maces & Flails
   947 | D:2      | Gained mutation: A weak demonic guardian rushes to your
                  | aid. [demonic ancestry]
   947 | D:2      | Reached XP level 4. HP: 19/37 MP: 4/4
   954 | D:2      | Killed Robin
  1456 | D:2      | Found an iron altar of Okawaru.
  1836 | D:2      | Became a worshipper of Warmaster Okawaru
  1891 | D:3      | Reached skill level 4 in Maces & Flails
  1939 | D:3      | Gained mutation: You are mostly covered in thin metallic
                  | scales. (AC +3) [demonic ancestry]
  1939 | D:3      | Reached XP level 5. HP: 25/42 MP: 5/5
  1973 | D:3      | Reached skill level 1 in Invocations
  2728 | D:4      | Found Deoquroyg's Weapon Shop.
  2805 | D:4      | Noticed a phantom
  2832 | D:4      | Killed a phantom
  2832 | D:4      | Reached * piety under Okawaru
  2832 | D:4      | Reached XP level 6. HP: 38/49 MP: 7/7
  3135 | D:4      | Noticed Grinder
  3156 | D:4      | Killed Grinder
  3156 | D:4      | Reached skill level 5 in Maces & Flails
  3642 | D:5      | Entered Level 5 of the Dungeon
  3696 | D:5      | Gained mutation: You are immune to rotting. [demonic
                  | ancestry]
  3696 | D:5      | Reached XP level 7. HP: 40/55 MP: 9/9
  3713 | D:5      | Reached skill level 5 in Fighting
  4194 | D:5      | Noticed Pikel
  4239 | D:5      | Gained mutation: Potions are less effective at restoring
                  | your health. [potion of mutation]
  4239 | D:5      | Gained mutation: Your flesh is cold resistant. (rC+)
                  | [potion of mutation]
  4547 | D:5      | Killed Pikel
  4547 | D:5      | Reached ** piety under Okawaru
  4547 | D:5      | Reached skill level 6 in Maces & Flails
  4625 | D:5      | Reached *** piety under Okawaru
  4628 | D:5      | Reached XP level 8. HP: 63/63 MP: 11/11
  4664 | D:5      | Reached skill level 5 in Invocations
  4694 | D:5      | Noticed Menkaure
  5475 | D:5      | Found a glowing silver altar of Zin.
  5495 | D:5      | Reached skill level 7 in Maces & Flails
  5786 | D:5      | Killed Menkaure
  6304 | D:6      | Found a glowing golden altar of the Shining One.
  6904 | D:6      | Reached skill level 8 in Maces & Flails
  7166 | D:6      | Noticed Eustachio
  7197 | D:6      | Killed Eustachio
  7197 | D:6      | Gained mutation: You have a pair of small horns on your
                  | head. [demonic ancestry]
  7197 | D:6      | Reached XP level 9. HP: 69/71 MP: 14/14
  7309 | D:6      | Found a runed translucent door.
  7310 | D:6      | Noticed Crazy Yiuf
  7559 | D:6      | Killed Crazy Yiuf
  7897 | D:7      | Found a stormy altar of Qazlal.
  7898 | D:7      | Found a sacrificial altar of Ru.
  8091 | D:7      | Found a staircase to the Ecumenical Temple.
  8168 | D:7      | Found an ancient bone altar of Kikubaaqudgha.
  8177 | D:7      | Reached skill level 9 in Maces & Flails
  8178 | D:7      | Found a shimmering blue altar of Sif Muna.
  8180 | D:7      | Found a radiant altar of Vehumet.
  8184 | D:7      | Identified Vehumet's Disquisition on Conjuration
  8654 | D:8      | Reached **** piety under Okawaru
  9095 | D:8      | Gained mutation: You have a pair of horns on your head.
                  | [demonic ancestry]
  9095 | D:8      | Reached XP level 10. HP: 67/80 MP: 16/16
  9193 | D:8      | Received a gift from Okawaru
  9280 | D:8      | Reached skill level 10 in Maces & Flails
  9336 | D:8      | Noticed a two-headed ogre
  9345 | D:8      | Killed a two-headed ogre
  9345 | D:8      | Reached ***** piety under Okawaru
  9957 | D:8      | Reached skill level 10 in Invocations
 10238 | D:8      | Reached skill level 11 in Maces & Flails
 10500 | D:8      | Noticed a two-headed ogre
 10528 | D:8      | Killed a two-headed ogre
 10528 | D:8      | Received a gift from Okawaru
 11135 | D:8      | Gained mutation: You have a pair of large horns on your
                  | head. [demonic ancestry]
 11135 | D:8      | Reached XP level 11. HP: 55/89 MP: 18/18
 12168 | D:8      | Found a shadowy altar of Dithmenos.
 13365 | D:9      | Found a staircase to the Lair.
 13774 | D:9      | Found a shimmering altar of Xom.
 13775 | D:9      | Found the +7 mace of Variability {chain chaos}
 14455 | D:9      | Found Wietz's Armour Shoppe.
 14519 | D:9      | Found a transporter.
 14532 | D:9      | Noticed kae's ghost (novice DsGl)
 14554 | D:9      | Found a transporter.
 14663 | D:10     | Entered Level 10 of the Dungeon
 14972 | D:10     | Noticed Nergalle
 14993 | D:10     | Killed Nergalle
 14993 | D:10     | Reached skill level 12 in Maces & Flails
 15087 | D:10     | Noticed an eight-headed hydra
 15092 | D:10     | Killed an eight-headed hydra
 15092 | D:10     | Reached skill level 10 in Fighting
 15923 | Lair:1   | Entered Level 1 of the Lair of Beasts
 16345 | Lair:1   | Noticed a five-headed hydra
 16355 | Lair:1   | Killed a five-headed hydra
 16355 | Lair:1   | Received a gift from Okawaru
 16355 | Lair:1   | Reached skill level 1 in Dodging
 16364 | Lair:1   | Got a twisted scale mail {god gift}
 16523 | Lair:1   | Identified the +0 scale mail of Ethics {rF++ Str+3}
                  | (Okawaru gifted it to you on level 1 of the Lair of Beasts)
 17256 | Lair:2   | Reached XP level 12. HP: 85/97 MP: 21/21
 17884 | Lair:2   | Found a snail-covered altar of Cheibriados.
 18391 | Lair:3   | Noticed a six-headed hydra
 18397 | Lair:3   | Killed a six-headed hydra
 18397 | Lair:3   | Reached skill level 13 in Maces & Flails
 18407 | Lair:3   | Noticed an eight-headed hydra
 18413 | Lair:3   | Killed an eight-headed hydra
 18502 | Lair:3   | Lost mutation: Your flesh is cold resistant. (rC+) [potion
                  | of mutation]
 18502 | Lair:3   | Lost mutation: Potions are less effective at restoring your
                  | health. [potion of mutation]
 18502 | Lair:3   | Gained mutation: You are agile. (Dex +2) [potion of
                  | mutation]
 18502 | Lair:3   | Gained mutation: You possess an exceptional clarity of
                  | mind. [potion of mutation]
 18558 | Lair:3   | Found a staircase to the Snake Pit.
 19201 | Lair:3   | Reached skill level 5 in Armour
 19836 | Lair:4   | Found a staircase to the Shoals.
 20917 | Lair:5   | Noticed a catoblepas
 20950 | Lair:5   | Killed a catoblepas
 20950 | Lair:5   | Reached ****** piety under Okawaru
 21231 | Lair:5   | Noticed a death yak
 21232 | Lair:5   | Noticed a death yak
 21246 | Lair:5   | Killed a death yak
 21246 | Lair:5   | Reached skill level 14 in Maces & Flails
 21255 | Lair:5   | Killed a death yak
 21258 | Lair:5   | Reached skill level 5 in Dodging
 21261 | Lair:5   | Received a gift from Okawaru
 21265 | Lair:5   | Reached XP level 13. HP: 68/103 MP: 22/22
 22116 | Lair:5   | Noticed Sonja
 22119 | Lair:5   | Killed Sonja
 22291 | Lair:6   | Entered Level 6 of the Lair of Beasts
 24225 | Lair:6   | Received a gift from Okawaru
 24766 | Lair:6   | Reached skill level 15 in Maces & Flails
 25321 | Lair:6   | Paralysed by a hornet for 3 turns
 26001 | Lair:6   | Found a staircase to the Slime Pits.
 26549 | D:11     | Found Udaheper's Assorted Antiques.
 26645 | D:11     | Found a flagged portal.
 26701 | Bailey   | Entered a bailey
 27382 | Bailey   | Annihilated by an orc knight

Levels and vault maps discovered:
D:1:      scummos_arrival_star, layout_basic, minivault_25, minmay_pentomino_w2
D:2:      layout_basic, okawaru_trees_1, uniq_robin
D:3:      layout_rooms, minmay_shallow_snake_nest
D:4:      corexii_shack_village, layout_rooms, serial_shops,
          nicolae_shop_statue_plus, uniq_grinder
D:5:      minmay_skewed_foursquare, layout_cave_pods, zin_statuary,
          first_ration, minmay_stone_trees_small, uniq_pikel, uniq_menkaure
D:6:      minmay_chambers_of_threes, layout_gridville,
          nicolae_overflow_crystal_walls, uniq_crazy_yiuf_cottage,
          uniq_eustachio
D:7:      layout_cave_pools, grunt_temple_overflow_magic_moments,
          gammafunk_temple_overflow_statue, minmay_temple_entry_oklob,
          grunt_ogre_cave
D:8:      kennysheep_town, serial_shops
D:9:      layout_irregular_city, minmay_lair_entry_grove,
          gammafunk_ghost_berserking_beasts, serial_shops, shop,
          minmay_guarded_unrand_variability
D:10:     layout_basic, uniq_nergalle
D:11:     layout_irregular_city, kennysheep_orc_monster_closet_entryway,
          enter_bailey_3, serial_shops,
          nicolae_shop_temple_entry_statues_fountains, shop,
          nicolae_shop_behind_doors, nicolae_shop_statue_plus
Lair:1:   layout_regular_city, lemuel_fruit_tree, serial_bayou_shore_b
Lair:2:   layout_chaotic_city, basic_altar
Lair:3:   layout_regular_city, dummy_snake_entry
Lair:4:   layout_regular_city, elwin_shoals_entry_rocks
Lair:5:   layout_gridlike, beast_lair_carwin_5, grunt_megastairs_4, uniq_sonja
Lair:6:   minmay_lair_end_enchanted_forest, layout_small_grid, slime_dummy,
          small_statue_intersection
Bailey:   bailey_polearm_5, bailey

Skill      XL: |  1  2  3  4  5  6  7  8  9 10 11 12 13 |
---------------+----------------------------------------+-----
Maces & Flails | 2 3 4 5 6 8 9 11 12 14 15 | 15.3
Fighting       | 4 5 6 7 9 10 | 10.2
Invocations    | 2 3 4 6 8 10 12 | 12.0
Armour         | 3 5 7 |  7.7
Dodging        | 1 5 7 |  7.1
Shields        | |  2.6

Action                   |  1- 3 |  4- 6 |  7- 9 | 10-12 | 13-15 || total
-------------------------+-------+-------+-------+-------+-------++-------
Melee: Flail             |   102 |   307 |    96 |       |       ||   505
       Whip              |       |       |   476 |   297 |       ||   773
       Headbutt          |       |       |    54 |   229 |   101 ||   384
       Dire flail        |       |       |       |   622 |   275 ||   897
       Great mace        |       |       |       |       |   199 ||   199
Invok: Heroism           |       |       |    18 |    15 |    17 ||    50
Evoke: Wand              |       |       |     1 |    14 |     3 ||    18
  Use: Potion            |     3 |     3 |     3 |     3 |       ||    12
       Scroll            |       |     6 |     9 |    10 |     2 ||    27
 Stab: Distracted        |       |     1 |     4 |     3 |     4 ||    12
       Paralysed         |       |       |     2 |    15 |       ||    17
       Petrified         |       |       |       |     3 |     3 ||     6
  Eat: Chunk             |       |    10 |    17 |    32 |    14 ||    73
       Ration            |       |       |       |     2 |     1 ||     3
Armor: Scale mail        |    55 |   182 |   197 |   252 |       ||   686
       Plate armour      |       |       |       |   151 |   368 ||   519
Dodge: Dodged            |    31 |   101 |   134 |   268 |   406 ||   940
Block: Kite shield       |    63 |   160 |   197 |   106 |       ||   526
       Other             |       |       |       |     8 |    91 ||    99
       Reflection        |       |       |       |       |     2 ||     2

Table legend:
 A = Non-vault XP
 B = Vault XP
 C = Vault XP percentage of total XP
 D = Non-vault monster count
 E = Vault monster count
 F = Vault count percentage of total count
                 A         B        C        D         E       F
            +---------+---------+-------+---------+---------+-------
      Total |   37970 |   24738 |  39.4 |     363 |     208 |  36.4
            +---------+---------+-------+---------+---------+-------
        D:1 |      23 |       1 |   4.2 |      14 |       1 |   6.7
        D:2 |     114 |      38 |  25.0 |      33 |      13 |  28.3
        D:3 |     116 |      21 |  15.3 |      24 |       7 |  22.6
        D:4 |     162 |     235 |  59.2 |       8 |      13 |  61.9
        D:5 |     779 |     652 |  45.6 |      34 |       4 |  10.5
        D:6 |     660 |     548 |  45.4 |      20 |      12 |  37.5
        D:7 |     865 |     182 |  17.4 |      24 |       2 |   7.7
        D:8 |    2195 |    6086 |  73.5 |      42 |      41 |  49.4
        D:9 |     798 |    1714 |  68.2 |      24 |      14 |  36.8
       D:10 |    3123 |     835 |  21.1 |      32 |       1 |   3.0
       D:11 |     621 |       7 |   1.1 |      10 |       4 |  28.6
     Lair:1 |    2695 |       0 |   0.0 |      11 |       0 |   0.0
     Lair:2 |    2048 |       0 |   0.0 |      10 |       0 |   0.0
     Lair:3 |    8054 |       0 |   0.0 |      31 |       0 |   0.0
     Lair:4 |     711 |       0 |   0.0 |       4 |       0 |   0.0
     Lair:5 |    8491 |    7846 |  48.0 |      23 |      33 |  58.9
     Lair:6 |    6515 |    4519 |  41.0 |      19 |      26 |  57.8
     Bailey |       0 |    2054 | 100.0 |       0 |      37 | 100.0
            +---------+---------+-------+---------+---------+-------
